 Dungeon Crawl Stone Soup version 0.30.0-16-gbe6223bb7e (webtiles) character file.

Game seed: 15711529499736395358

77 pigah the Gusty (level 4, -1/40 HPs)
             Began as an Octopode Air Elementalist on May 20, 2023.
             Slain by Ijyb
             ... wielding a +0 club
              (3 damage)
             ... on level 3 of the Dungeon.
             The game lasted 00:03:02 (2299 turns).

pigah the Gusty (Octopode Air Elementalist)         Turns: 2299, Time: 00:03:03

Health: -1/40      AC:  1    Str:  7    XL:     4   Next: 33%
Magic:  4/7        EV: 10    Int: 19    God:
Gold:   108        SH:  0    Dex: 12    Spells: 0/8 levels left

rFire   . . .        a - +2 dagger (venom)
rCold   . . .        (no shield)
rNeg    . . .        (helmet restricted)
rPois   .            (no amulet)
rElec   .            (no ring)
rCorr   .            (no ring)
SInv    .            (no ring)
Will    .....        (no ring) Stlth
                     (no ring)
HPRegen 0.26/turn    (no ring)
MPRegen 0.10/turn    (no ring)
                     (no ring)

%: no passive effects
@: berserking, grasped by roots, constricted, very quick
A: almost no armour, amphibious, 8 rings, camouflage 1, gelatinous body 1,
(nimble swimmer 1), tentacles
a: no special abilities


You were on level 3 of the Dungeon.
You visited 1 branch of the dungeon, and saw 3 of its levels.

You collected 108 gold pieces.

Inventory:

Hand Weapons
 a - a +2 dagger of venom (weapon)
Wands
 o - a wand of flame (14)
Scrolls
 b - a scroll of immolation {unknown}
 f - a scroll of silence {unknown}
 i - a scroll of magic mapping {unknown}
 j - 2 scrolls of identify {unknown}
 k - a scroll of teleportation {unknown}
 m - a scroll of fog {unknown}
Potions
 c - a potion of haste {unknown}
 d - 3 potions of lignification {unknown}
 e - a potion of resistance {unknown}
 g - a potion of heal wounds {unknown}
 h - a potion of berserk rage
 l - a potion of magic
 n - a potion of degeneration {unknown}


   Skills:
 - Level 2.0 Dodging
 - Level 2.6 Stealth
 + Level 2.6 Spellcasting
 - Level 1.0 Conjurations
 * Level 4.6 Air Magic


You couldn't memorise any spells.
You knew the following spells:

 Your Spells              Type           Power      Damage    Failure   Level
a - Shock                 Conj/Air       52%        1d6       4%          1
b - Swiftness             Air            20%        N/A       7%          3
c - Airstrike             Air            10%        2d(2-18)  24%         4

Your spell library contained the following spells:

 Spells                   Type           Power      Damage    Failure   Level
 Static Discharge         Conj/Air       26%        2-4/arc   8%          2


Dungeon Overview and Level Annotations

Branches:
Dungeon (3/15)

Altars:

Annotations:
D:3 Ijyb


Innate Abilities, Weirdness & Mutations

You cannot wear most types of armour.
You are amphibious.
You can wear up to eight rings at the same time.
Your skin changes colour to match your surroundings (Stealth+).
Your rubbery body absorbs attacks. (AC +1, EV +1)
((You are camouflaged when in or above water. (Stealth+)))
You have tentacles for arms and can constrict up to eight enemies at once.


Message History

The grasping roots constrict you.
You hear an angry hiss.
Things that are here:
a jackal corpse; a jackal corpse You escape the roots grasp.
Ijyb zaps a wand.
The roots erupt in riotous growth!
The grasping roots grab you! The grasping roots constrict you.
You hear an angry hiss.
You are too injured to fight recklessly!
You are too injured to fight recklessly!
You are too injured to fight recklessly!
You are too injured to fight recklessly!
You are too injured to fight recklessly!
You are too injured to fight recklessly!
You are too injured to fight recklessly!
You are too injured to fight recklessly!
You are too injured to fight recklessly!
You are too injured to fight recklessly!
You escape the roots grasp.
Ijyb zaps a wand.
The roots erupt in riotous growth!
The grasping roots grab you!
Ijyb is unaffected.
The grasping roots constrict you.
You hit Ijyb.
Ijyb is poisoned.
Your grab misses Ijyb. Your squeeze misses Ijyb.
Ijyb is lightly wounded.
Ijyb barely misses you. The grasping roots constrict you.
* * * LOW HITPOINT WARNING * * *
It was a potion of berserk rage.
A red film seems to cover your vision as you go berserk!
You feel yourself moving faster!
You feel mighty!
An adder comes into view.
Ijyb closely misses you. The grasping roots constrict you.
* * * LOW HITPOINT WARNING * * *
You closely miss Ijyb. Your grab misses Ijyb. You squeeze Ijyb!
Ijyb is severely wounded.
You hit Ijyb.
Ijyb looks as sick as possible!
Your grab misses Ijyb.
Ijyb is severely wounded.
Ijyb hits you with a +0 club.
You die...

#. .. ##.. ## ##
... .##.+
#.##.... ## #
#.....#
...#.#.g...# #
.###..#.@...#.#[
..............S.
#.#.=.....####.
#...####†### ...
###.### .
#.....# #.....#
#.....# #.....#


You could see Ijyb (extremely poisoned) and an adder.

Vanquished Creatures
  Jessica (D:2)
  An adder (D:2)
  A worm (D:2)
  A dart slug (D:1)
  3 endoplasms
  5 goblins
  6 hobgoblins
  4 jackals (D:3)
  A kobold (D:2)
  3 ball pythons
  4 bats (D:1)
  3 frilled lizards
  A rat (D:1)
34 creatures vanquished.

Notes
Turn   | Place    | Note
-------+----------+-------------------------------------------
     0 | D:1      | pigah the Octopode Air Elementalist began the quest for the
                  | Orb.
     0 | D:1      | Reached XP level 1. HP: 11/11 MP: 3/3
   506 | D:1      | Reached XP level 2. HP: 12/17 MP: 1/5
  1035 | D:1      | Found a faded altar of an unknown god.
  1570 | D:2      | Reached XP level 3. HP: 21/21 MP: 3/6
  1639 | D:2      | Reached skill level 4 in Air Magic
  1748 | D:2      | Noticed Jessica
  1754 | D:2      | Killed Jessica
  1871 | D:2      | Reached XP level 4. HP: 27/27 MP: 1/7
  2240 | D:2      | Learned a level 3 spell: Swiftness
  2266 | D:2      | Learned a level 4 spell: Airstrike
  2290 | D:3      | Noticed Ijyb
  2297 | D:3      | HP: 2/40 [constriction (3)]
  2299 | D:3      | Slain by Ijyb

Illustrated notes

Levels and vault maps discovered:
D:1:      dpeg_arrival_round_b, layout_basic, dreamdust_ecumenical_altar_statues
D:2:      layout_loops_cross, patterned_corridor, uniq_jessica
D:3:      layout_loops_cross, mainiacjoe_overflow_24_doors,
          grunt_temple_overflow_growth_and_decay, uniq_ijyb, uniq_robin

Skill      XL: |  1  2  3 |
---------------+----------+-----
Air Magic      | 4 |  4.6
Dodging        | |  2.0
Stealth        | |  2.6
Spellcasting   | |  2.6
Conjurations   | |  1.0

Action                     |  1- 3 |  4- 6 || total
---------------------------+-------+-------++-------
  Melee: Unarmed           |    12 |       ||    12
         Constrict         |     7 |     2 ||     9
         Tentacles         |     5 |     3 ||     8
         Dagger            |     8 |     9 ||    17
   Cast: Shock             |    48 |    13 ||    61
    Use: Potion            |       |     1 ||     1
 Armour: Skin              |     4 |     3 ||     7
  Dodge: Dodged            |    10 |     3 ||    13
